 Dungeon Crawl Stone Soup version 0.29-a0-817-g9904bce7a6 (webtiles) character file.

Game seed: 9891317511379862974

45 raph the Grave Robber (level 3, -2/24 HPs)
             Began as a Human Necromancer on July 5, 2022.
             Slain by Sigmund
             ... wielding a +0 scythe
              (5 damage)
             ... on level 2 of the Dungeon.
             The game lasted 00:03:33 (1855 turns).

raph the Grave Robber (Human Necromancer)           Turns: 1855, Time: 00:03:34

Health: -2/24      AC:  8    Str:  8    XL:     3   Next: 90%
Magic:  4/6        EV:  9    Int: 17    God:
Gold:   86         SH:  0    Dex: 13    Spells: 5/6 levels left

rFire   . . .      SeeInvis .   c - +0 dagger
rCold   . . .      Faith    .   (no shield)
rNeg    . . .      Spirit   .   a - +0 robe
rPois   .          Reflect  .   f - +0 helmet
rElec   .          Harm     .   (no cloak)
rCorr   .          Rampage  .   g - +0 pair of gloves
Will    +....                   (no boots)
Stlth   ++........              j - amulet of the acrobat
HPRegen 0.08/turn               d - ring of willpower
MPRegen 0.10/turn               k - +4 ring of protection

@: grasped by roots, constricted
A: no striking features
a: no special abilities


You were on level 2 of the Dungeon.
You visited 1 branch of the dungeon, and saw 2 of its levels.

You collected 86 gold pieces.

Inventory:

Hand Weapons
 c - a +0 dagger (weapon)
Missiles
 e - 3 poisoned darts
Armour
 a - a +0 robe (worn)
 f - a +0 helmet (worn)
 g - a +0 pair of gloves (worn)
Jewellery
 d - a ring of willpower (left hand)
 j - an amulet of the acrobat (around neck)
 k - a +4 ring of protection (right hand)
Potions
 h - a potion of might {unknown}
 i - 3 potions of curing {unknown}
 l - a potion of attraction {unknown}


   Skills:
 + Level 2.4 Dodging
 + Level 2.5 Stealth
 + Level 2.4 Spellcasting
 * Level 4.5 Necromancy


You had 5 spell levels left.
You knew the following spells:

 Your Spells              Type           Power      Damage    Failure   Level
a - Necrotise             Necr           68%        1d7       3%          1

Your spell library contained the following spells:

 Spells                   Type           Power      Damage    Failure   Level
 Vampiric Draining        Necr           17%        2d7       9%          3
 Animate Dead             Necr           17%        N/A       28%         4
 Agony                    Necr           17%        N/A       63%         5


Dungeon Overview and Level Annotations

Branches:
Dungeon (2/15)

Altars:

Shops:
D:1 :

Annotations:
D:2 Sigmund


Message History

Okay, then.
Okay, then.
Casting: Necrotise (safe; 3% risk of failure)
Confirm with . or Enter, or press ? or * to list all spells.
Aiming: Necrotise (safe; 3% risk of failure)
Press: ? - help, Shift-Dir - straight line Something writhes in agony.
Casting: Necrotise (safe; 3% risk of failure)
Confirm with . or Enter, or press ? or * to list all spells.
Aiming: Necrotise (safe; 3% risk of failure)
Press: ? - help, Shift-Dir - straight line Nothing appears to happen.
Okay, then.
Casting: Necrotise (safe; 3% risk of failure)
Confirm with . or Enter, or press ? or * to list all spells.
Aiming: Necrotise (safe; 3% risk of failure)
Press: ? - help, Shift-Dir - straight line Something writhes in agony.
Casting: Necrotise (safe; 3% risk of failure)
Confirm with . or Enter, or press ? or * to list all spells.
Aiming: Necrotise (safe; 3% risk of failure)
Press: ? - help, Shift-Dir - straight line Something writhes in agony.
Something hits you but does no damage. Magic courses through your body.
Casting: Necrotise (safe; 3% risk of failure)
Confirm with . or Enter, or press ? or * to list all spells.
Aiming: Necrotise (safe; 3% risk of failure)
Press: ? - help, Shift-Dir - straight line Nothing appears to happen.
You hear a zap.
The roots erupt in riotous growth!
The grasping roots grab you!
You are constricted.
* * * LOW HITPOINT WARNING * * *
Casting: Necrotise (safe; 3% risk of failure)
Confirm with . or Enter, or press ? or * to list all spells.
Aiming: Necrotise (safe; 3% risk of failure)
Press: ? - help, Shift-Dir - straight line Something writhes in agony.
Something hits you.
You die...

.......+...........
#####.##.[...@.J...
#.....# #'##########
#.###.####..........#
# #...............#
#.#####.........# ##
#.## #.........# .
#..# #.........#
#######.####....@....#
.......<.†.+......(..+
########.###.........#
...# #..##.........#
##.# ##.##.........#
...# #..#.........#
#### ##.########+##
##### #.## ..... #..#


There were no monsters in sight!

Vanquished Creatures
  An adder (D:2)
  A dart slug (D:1)
  2 endoplasms (D:1)
  5 giant cockroaches
  2 goblins (D:1)
  5 hobgoblins
  2 kobolds (D:1)
  3 quokkas
  2 bats
  A frilled lizard (D:1)
  4 rats
28 creatures vanquished.

Vanquished Creatures (collateral kills)
  A goblin (D:1)
1 creature vanquished.

Grand Total: 29 creatures vanquished

Notes
Turn   | Place    | Note
-------+----------+-------------------------------------------
     0 | D:1      | raph the Human Necromancer began the quest for the Orb.
     0 | D:1      | Reached XP level 1. HP: 13/13 MP: 3/3
   333 | D:1      | Reached XP level 2. HP: 16/19 MP: 1/5
   890 | D:1      | Reached XP level 3. HP: 24/24 MP: 4/6
  1091 | D:1      | Found Zomnim's Book Shop.
  1840 | D:2      | Noticed Sigmund
  1855 | D:2      | Slain by Sigmund

Illustrated notes

Levels and vault maps discovered:
D:1:      minmay_arrival_radiant_lines, layout_loops_corners, serial_shops,
          shop_fountains
D:2:      layout_basic, dreamdust_ecumenical_altar_hidden_monk_grotto,
          uniq_sigmund

Action                   || total
-------------------------++-------
Melee: Dagger            ||    23
 Cast: Necrotise         ||    50
  Use: Scroll            ||     3
       Potion            ||     1
 Stab: Sleeping          ||     4
Armor: Robe              ||    15
Dodge: Dodged            ||    17

Table legend: (Time is in decaauts)
 A = Elapsed time spent in this place.
 B = Non-inter-level travel time spent in this place.
 C = Inter-level travel time spent in this place.
 D = Time resting spent in this place.
 E = Time spent auto-exploring this place.
 F = Levels seen in this place.
 G = Mean time per level.
                   A        B        C        D        E       F      G
               +--------+--------+--------+--------+--------+-----+--------+
         Total |   1853 |   1840 |     13 |    544 |   1003 |   2 |  926.5 |
       Dungeon |   1853 |   1840 |     13 |    544 |   1003 |   2 |  926.5 |
               +--------+--------+--------+--------+--------+-----+--------+

Top non-repeatable levels by time:
     D:1: 1431 daAuts
     D:2: 421 daAuts
